 Dungeon Crawl Stone Soup version 0.17.1-3-g152610e (webtiles) character file.

163 ololoev the Chopper (level 5, -2/41 HPs)
             Began as a Demonspawn Berserker on Mar 22, 2016.
             Was a Believer of Trog.
             Slain by a hound (4 damage)
             ... on level 4 of the Dungeon.
             The game lasted 00:03:08 (441 turns).

ololoev the Chopper (Demonspawn Berserker)           Turns: 441, Time: 00:03:08

Health: -2/41      AC:  4    Str: 24    XL:     5   Next: 20%
Magic:  5/5        EV: 17    Int:  8    God:    Trog [**....]
Gold:   45         SH:  0    Dex: 17    Spells: 0 memorised, 4 levels left

rFire  . . .     SeeInvis .     a - +0 hand axe
rCold  . . .     Clarity  .     b - +0 animal skin
rNeg   . . .     SustAt   .     (no shield)
rPois  +         Gourm    .     (no helmet)
rElec  .         Spirit   .     (no cloak)
rCorr  .         Warding  .     (no gloves)
rMut   +         Stasis   .     (no boots)
MR     .....                    i - amulet of resist mutation
Stlth  +++.......               (no ring)
                                f - ring of poison resistance

@: mighty, agile, exhausted, not resistant to hostile enchantments, fairly
stealthy
A: talons 1, slimy green scales 1, rot immunity
a: Berserk, Trog's Hand, Burn Spellbooks, Renounce Religion


Innate Abilities, Weirdness & Mutations

You have sharp toenails.
You are partially covered in slimy green scales (AC +2).
You are immune to rotting.

Inventory:

Hand Weapons
 a - a +0 hand axe (weapon)
Armour
 b - a +0 animal skin (worn)
Jewellery
 f - a ring of poison resistance (left hand)
 i - an amulet of resist mutation (around neck)
Scrolls
 d - 3 scrolls of enchant armour {unknown}
 h - 2 scrolls of remove curse {unknown}
Comestibles
 c - 2 bread rations
 g - 4 chunks of flesh
 k - 3 fruits


   Skills:
 - Level 3.0 Fighting
 * Level 4.6 Axes
 + Level 3.1 Armour
 - Level 1.7 Dodging


You had 4 spell levels left.
You didn't know any spells.


You were on level 4 of the Dungeon.
You worshipped Trog.
Trog was pleased with you.
You were not hungry.

You visited 1 branch of the dungeon, and saw 4 of its levels.

You collected 45 gold pieces.

#####..########
#.._....<.....#
##.###..######.#
.........#
.....###.#
.##.####.#### #
#.......#
#.......#
#...@o..###.#
#...ho.......
#.......###..
#)......#
#.......#
#.#......
#.#.......
#.###.##### ...

Notes
Turn   | Place    | Note
--------------------------------------------------------------
     0 | D:1      | ololoev the Demonspawn Berserker began the quest for the Orb.
     0 | D:1      | Reached XP level 1. HP: 18/18 MP: 1/1
   103 | D:2      | Gained mutation: You are immune to rotting. [demonic ancestry]
   103 | D:2      | Reached XP level 2. HP: 24/24 MP: 2/2
   105 | D:2      | Noticed Jessica
   107 | D:2      | Killed Jessica
   107 | D:2      | Gained mutation: You are partially covered in slimy green scales (AC +2). [demonic ancestry]
   107 | D:2      | Reached XP level 3. HP: 29/29 MP: 3/3
   219 | D:3      | Reached ** piety under Trog
   273 | D:3      | Gained mutation: You have sharp toenails. [demonic ancestry]
   273 | D:3      | Reached XP level 4. HP: 33/35 MP: 4/4
   308 | D:4      | Reached skill level 4 in Axes
   333 | D:4      | Found a burning altar of Makhleb.
   388 | D:4      | Found a snail-covered altar of Cheibriados.
   438 | D:4      | Reached XP level 5. HP: 22/41 MP: 5/5
   440 | D:4      | HP: 2/41 [hound (3)]
   441 | D:4      | Slain by a hound

Dungeon Overview and Level Annotations

Branches:
Dungeon (4/15)
 Temple: D:4-7

Altars:
Cheibriados
Makhleb


Message History

Unknown command.
You slice the orc!!
You kill the orc!
Trog accepts your kill.
You have reached level 5!
You slash the hound!
The hound is severely wounded.
The hound closely misses you. x2
The orc priest calls upon Beogh to heal the orc.
The orc's wounds heal themselves!
The hound bites you but does no damage.
Unknown command.
Unknown command.
You closely miss the orc wizard. You claw the orc wizard!
The orc wizard is severely wounded.
You barely miss the hound.
The hound is severely wounded.
You closely miss the orc. The hound bites you but does no damage.
The orc wizard hits you but does no damage.
The orc hits you with a short sword.
The orc priest invokes the aid of Beogh against you.
Something smites you! The hound closely misses you.
The orc wizard closely misses you. The orc closely misses you.
Unknown command.
You slash the orc wizard!
You kill the orc wizard!
Trog accepts your kill.
Trog appreciates your killing of a magic user.
You closely miss the hound.
The hound is severely wounded.
You barely miss the orc.
You feel yourself speed up. The hound closely misses you.
The hound bites you but does no damage. The orc hits you but does no damage.
The hound bites you.
Unknown command.
Drink which item? (? for menu, Esc to quit)
It was a potion of agility.
You feel agile all of a sudden.
The hound pauses to sniff the ground.
The hound bites you.
You die...

You could see a hound, an orc priest and an orc.

Vanquished Creatures
  Jessica (D:2)
  An orc wizard (D:4)
  6 gnolls
  3 adders
  2 orcs (D:4)
  2 bats
  A giant cockroach (D:2)
  A hobgoblin (D:1)
  6 jackals
  3 kobolds
  2 goblins (D:3)
  2 rats
30 creatures vanquished.

Action                   |  1- 3 |  4- 6 || total
-------------------------+-------+-------++-------
Melee: Hand axe          |    45 |    54 ||    99
Invok: Berserk           |     2 |     2 ||     4
       Trog's Hand       |       |     1 ||     1
  Use: Potion            |       |     2 ||     2
  Eat: Chunk             |       |     3 ||     3

Vault maps used:
D:1:      scummos_arrival_hexagon, minmay_misc_feat_chi
D:2:      grunt_temple_overflow_gold_and_silver, ashenzari_altar_1, tgw_trog,
          uniq_iyjb, uniq_robin, uniq_terence, uniq_crazy_yiuf_cottage,
          uniq_jessica, uniq_sigmund
D:3:      first_bread
D:4:      makhleb_grotto_becter, overflow_temple_1_default
